 Dungeon Crawl Stone Soup version 0.31.0-9-g3a7656b989 (webtiles) character file.

Game seed: 10247940868437649385

50 qw the Shooter (level 3, -3/20 HPs)
             Began as a Deep Elf Hunter on Feb 2, 2024.
             Slain by a gnoll
             ... wielding a +0 spear
              (8 damage)
             ... on level 2 of the Dungeon.
             The game lasted 00:00:04 (760 turns).

qw the Shooter (Deep Elf Hunter)                     Turns: 760, Time: 00:00:04

Health: -3/20      AC:  3    Str: 10    XL:     3   Next: 55%
Magic:  5/5        EV:  6    Int: 13    God:
Gold:   89         SH:  0    Dex: 18    Spells: 2/2 levels left

rFire   . . .        a - +0 shortbow
rCold   . . .        (shield currently unavailable)
rNeg    . . .        c - +0 leather armour
rPois   .            (no helmet)
rElec   .            (no cloak)
rCorr   .            (no gloves)
SInv    .            (no boots)
Will    .....        (no amulet)
Stlth   ++           (no ring)
HPRegen 0.23/turn    (no ring)
MPRegen 0.09/turn

%: no passive effects
@: held
A: no striking features
a: no special abilities


You were on level 2 of the Dungeon.
You visited 1 branch of the dungeon, and saw 2 of its levels.

You collected 89 gold pieces.


   Skills:
 - Level 1.5 Fighting
 + Level 7.1 Ranged Weapons
 - Level 2.4 Dodging
 - Level 1.2 Stealth


You had 2 spell levels left.
You didn't know any spells.
Your spell library was empty.

Inventory:

Hand Weapons
 a - a +0 shortbow (weapon)
Armour
 c - a +0 leather armour (worn)
 d - a +0 ring mail
Scrolls
 e - 2 scrolls of identify
Potions
 b - a potion of curing {unknown}
 f - a potion of heal wounds
 j - a potion of mutation {unknown}
 l - a potion of brilliance {unknown}

Dungeon Overview and Level Annotations

Branches:
Dungeon (2/15)

Altars:

Shops:
D:2 :


Message History

You are poisoned.
The adder poisons you! The adder misses you.
You shoot an arrow. The arrow hits the adder!
You kill the adder!
You feel sick.
You start resting.
You feel sick. x5
You are no longer poisoned.
HP restored.
e - a scroll of identify
e - 2 scrolls of identify (gained 1) 2 gnolls come into view.
A gnoll is wielding a +0 spear and quivering 2 throwing nets.
The gnoll shouts! x2; You hear a shout! x2
You shoot an arrow. The arrow hits the gnoll.
The gnoll is moderately wounded.
You shoot an arrow.
The arrow hits the gnoll but does no damage.
The gnoll is moderately wounded.
A hobgoblin comes into view.
The gnoll barely misses you. x2
You shoot an arrow. The arrow hits the gnoll.
The gnoll is heavily wounded.
The gnoll hits you from afar with a +0 spear.
The gnoll closely misses you.
You shoot an arrow. The arrow hits the gnoll!
You kill the gnoll!
The gnoll barely misses you.
The gnoll throws a throwing net.
The throwing net hits you.
You become entangled in the net!
Your Ranged Weapons skill increases to level 7!
You struggle against the net.
The gnoll barely misses you.
You struggle against the net.
The gnoll hits you from afar with a +0 spear!
You struggle against the net.
The gnoll barely misses you.
You struggle against the net.
The hobgoblin hits you.
The gnoll hits you from afar with a +0 spear!
You die...

.. #.###### #......
... #..... .....#
#.... .....# ### #....
.....# ..
...###..#.###.....# .
.....gg@# ........#
#....)#.###.......## #
###.. #............. #
#.#.###.........######
# #...................
###.#..#.#######.#.#
...#.##.#.......#.#
.......##.#..........
##########......#.#.#.


You could see a gnoll and a hobgoblin.

Vanquished Creatures
  An adder (D:2)
  A gnoll (D:2)
  3 ball pythons (D:1)
  2 bats (D:1)
  5 endoplasms (D:1)
  4 goblins (D:1)
  3 hobgoblins
  2 quokkas (D:1)
  2 frilled lizards (D:1)
  3 kobolds
  2 rats (D:2)
28 creatures vanquished.

Notes
Turn   | Place    | Note
-------+----------+-------------------------------------------
     0 | D:1      | qw the Deep Elf Hunter began the quest for the Orb.
     0 | D:1      | Reached XP level 1. HP: 12/12 MP: 3/3
     0 | D:1      | 0 ||| qw: Version: 0.3-a-155-g5e7d8dd
     0 | D:1      | 0 ||| qw: Game counter: 881
     0 | D:1      | 0 ||| qw: Melee chars always use a shield: true
     0 | D:1      | 0 ||| qw: God list: Okawaru
     0 | D:1      | 0 ||| qw: Allow faded altars: false
     0 | D:1      | 0 ||| qw: Do Orc after clearing Dungeon:15 true
     0 | D:1      | 0 ||| qw: Do second Lair branch before Depths: true
     0 | D:1      | 0 ||| qw: Lair rune preference: random
     0 | D:1      | 0 ||| qw: Goals: Normal
     0 | D:1      | 0 ||| PLANNING D:1-11
     2 | D:1      | Noticed an armataur
     2 | D:1      | Noticed a minotaur
     4 | D:1      | Noticed an elf
     4 | D:1      | Noticed a gargoyle
     6 | D:1      | Noticed a merfolk
     6 | D:1      | Noticed a ghoul
     8 | D:1      | Noticed a formicid
    10 | D:1      | Noticed a demigod
    10 | D:1      | Noticed a barachi
    12 | D:1      | Noticed a troll
    12 | D:1      | Noticed a draconian
    14 | D:1      | Noticed a vampire
    14 | D:1      | Noticed a naga
    16 | D:1      | Noticed a demonspawn
    16 | D:1      | Noticed a human
    18 | D:1      | Noticed a tengu
    20 | D:1      | Noticed a felid
    20 | D:1      | Noticed a vine stalker
    24 | D:1      | Noticed a djinni
    24 | D:1      | Noticed a spriggan
    26 | D:1      | Noticed an octopode
    26 | D:1      | Noticed an oni
   206 | D:1      | Reached XP level 2. HP: 16/16 MP: 4/4
   225 | D:1      | Reached skill level 6 in Ranged Weapons
   310 | D:1      | HP: 4/16 [goblin/+0 club (3)]
   316 | D:1      | HP: 3/16 [hobgoblin/stone (3)]
   523 | D:1      | 523 ||| DROPPING ring of magical power.
   524 | D:1      | 524 ||| READING scroll labelled CEVVUL LYSU.
   525 | D:1      | 525 ||| READING scroll labelled JEFUWKA OFFYL.
   626 | D:1      | 626 ||| READING scroll labelled EBIROLAZIB.
   629 | D:1      | 629 ||| READING 2 scrolls labelled FYOCRE NIZIADO.
   629 | D:1      | 629 ||| IDENTIFYING glowing red potion
   630 | D:1      | 630 ||| READING scroll of identify.
   630 | D:1      | 630 ||| IDENTIFYING ruby potion
   631 | D:1      | 631 ||| READING scroll labelled SAOGIUGGOKIH.
   632 | D:1      | 632 ||| DROPPING scroll of butterflies.
   633 | D:1      | 633 ||| DROPPING potion of invisibility.
   646 | D:2      | Found Jiocs's Book Emporium.
   675 | D:2      | Reached XP level 3. HP: 20/20 MP: 5/5
   757 | D:2      | Reached skill level 7 in Ranged Weapons
   760 | D:2      | HP: 5/20 [hobgoblin (3)]
   760 | D:2      | Slain by a gnoll

Levels and vault maps discovered:
D:1:      kb_arrival_jail, layout_basic, minmay_octomino_c4
D:2:      layout_basic, serial_shops, shop, serial_glass, glass_columns_b,
          glass_columns_b, feat_on_display, due_unseen_surprise,
          shapermc_ecumenical_altar_rom_forum, hangedman_abyss_or_decor_stabs

Skill      XL: |  1  2  3 |
---------------+----------+-----
Ranged Weapons | 6 7 |  7.1
Fighting       | |  1.5
Dodging        | |  2.4
Stealth        | |  1.2

Action                     || total
---------------------------++-------
   Fire: Shortbow          ||    72
    Use: Scroll            ||     6
 Armour: Leather armour    ||    11
  Dodge: Dodged            ||    20

Table legend:
 A = Non-vault XP
 B = Vault XP
 C = Vault XP percentage of total XP
 D = Non-vault monster count
 E = Vault monster count
 F = Vault count percentage of total count
                 A         B        C        D         E       F
            +---------+---------+-------+---------+---------+-------
      Total |      60 |      12 |  16.7 |      21 |       7 |  25.0
            +---------+---------+-------+---------+---------+-------
        D:1 |      26 |      12 |  31.6 |      15 |       7 |  31.8
        D:2 |      34 |       0 |   0.0 |       6 |       0 |   0.0
            +---------+---------+-------+---------+---------+-------
